Cogmind - Beta 14 @@@ ROGUE MODE // 2024.10.19 @ 15:11:22 Player: upsidedowneye Result: Destroyed by G-47 Trooper with Particle Gun Performance ------------- Evolutions (2) 1000 Regions Visited (5) 1000 Robots Destroyed (16) 80 Value Destroyed (501) 501 Prototype IDs (23) 460 Alien Tech Used (0) 0 Bonus (335) 335 TOTAL SCORE: 3376 Bonus ------- Follower Combat Kills 35 Aligned with FarCom 300 Cogmind --------- Core Integrity 0/550 Matter 300/300 Energy 94/100 System Corruption 0% Temperature Cool (9) Movement Core (150) Ox2 Location -8/Materials Parts ------- > --- POWER (2) -------- (None) > --- PROPULSION (4) --- (None) > --- UTILITY (3) ------ Small Storage Unit Visual Processing Unit Signal Interpreter > --- WEAPON (2) ------- Great Maul > --- INVENTORY (8) ---- Light Nuclear Core Trap Scanner Sensor Array Hacking Suite Tractor Beam Mini Grenade Launcher Missile Launcher Peak State ------------ > --- POWER ------------ Light Ion Engine Light Angular Momentum Engine > --- PROPULSION ------- Aluminum Leg Carbon-fiber Leg Hover Unit > --- UTILITY ---------- Small Storage Unit Signal Interpreter Trap Reconfigurator > --- WEAPON ----------- Particle Gun Particle Gun > --- INVENTORY -------- Light Nuclear Core Light Fission Core Visual Processing Unit Sensor Array Reaction Control System Hacking Suite Tractor Beam Mini Grenade Launcher [Rating: 28] Favorites ----------- Power Light Nuclear Core Engine Light Ion Engine Power Core Light Nuclear Core Propulsion Flight Unit Leg Carbon-fiber Leg Wheel Compact Wheel Hover Unit Hover Unit Flight Unit Flight Unit Utility Small Storage Unit Device Trap Reconfigurator Storage Small Storage Unit Processor Signal Interpreter Weapon Light Assault Rifle Energy Gun Particle Gun Ballistic Gun Light Assault Rifle Special Weapon Mining Laser Impact Weapon Great Maul Build | -11 -10 -10 -10 -9 -8 ------- Run | Yrd Mat Min Exi Min Mat Slots Evolved 4 | . . . . . 4 Power 1 | . . . . . 1 Propulsion 2 | . . . . . 2 Utility 1 | . . . . . 1 Weapon . | . . . . . . Parts Attached 39 | 6 . 3 . . 30 Power 8 | 1 . . . . 7 Engine 7 | 1 . . . . 6 Core 1 | . . . . . 1 Reactor . | . . . . . . Propulsion 12 | 2 . 2 . . 8 Treads . | . . . . . . Leg 2 | . . . . . 2 Wheel 3 | 2 . . . . 1 Hover 1 | . . . . . 1 Flight 6 | . . 2 . . 4 Utility 4 | 1 . 1 . . 2 Device 1 | . . . . . 1 Storage 1 | 1 . . . . . Processor 2 | . . 1 . . 1 Hackware . | . . . . . . Protection . | . . . . . . Artifact . | . . . . . . Weapon 15 | 2 . . . . 13 Energy Gun 4 | . . . . . 4 Energy Cannon . | . . . . . . Ballistic Gun 8 | 2 . . . . 6 Ballistic Cannon . | . . . . . . Launcher . | . . . . . . Special Weapon 2 | . . . . . 2 Impact Weapon 1 | . . . . . 1 Slashing Weapon . | . . . . . . Piercing Weapon . | . . . . . . Special Melee Weapon . | . . . . . . Unidentified Prototypes . | . . . . . . Parts Lost 18 | . . . . . 18 Power 3 | . . . . . 3 Propulsion 9 | . . . . . 9 Utility 1 | . . . . . 1 Weapon 5 | . . . . . 5 Highest Loss Streak 8 | . . . . . 8 To Critical Strikes . | . . . . . . Average Slot Usage (%) 72 | . 85 83 71 71 71 Engine 6 | . 14 14 14 14 4 Core 4 | . . . . . 5 Leg 5 | . . . . . 6 Wheel 4 | . 28 12 . . 3 Hover 1 | . . . . . 1 Flight 12 | . . 16 28 28 10 Device 7 | . . . . . 8 Storage 9 | . 14 14 14 14 9 Processor 9 | . . 14 14 14 9 Energy Gun 2 | . . . . . 3 Ballistic Gun 9 | . 28 12 . . 9 Peak Build Rating 28 | 6 6 7 7 7 28 Average Rating 18 | 3 6 5 6 7 22 On Entrance 5 | . 6 6 5 7 7 Naked Turns . | . . . . . . Heaviest Build 24 | 10 10 10 8 8 24 Greatest Support 25 | 20 20 20 8 8 25 Greatest Overweight (x) 4 | . . . . . 4 Average Overweight (x) . | . . . . . . Largest Inventory Capacity 8 | 8 8 8 8 8 8 Average Capacity 7 | 7 8 8 8 8 8 Most Carried 8 | 5 4 7 8 8 8 Average Carried 6 | 1 1 5 7 7 7 Final Capacity 8 | 8 8 8 8 8 8 Final Carried 8 | 1 4 7 7 8 7 Class Distribution -------------------- 54% | Mutant 30% | Sprinter 14% | Scavenger-Mutant Dominant Class ---------------- Mutant | -10/Materials Mutant | -10/Mines Mutant | -10/Exiles Mutant | -9/Mines Mutant | -8/Materials Resources | -11 -10 -10 -10 -9 -8 ----------- Run | Yrd Mat Min Exi Min Mat Matter Collected 593 | 235 . 58 . 1 299 Remotely . | . . . . . . Salvage Created 549 | . . 20 . . 529 Parts 28 | . . 3 . . 25 Haulers Intercepted . | . . . . . . Recyclers Shooed . | . . . . . . Parts Field Recycled . | . . . . . . Retrieved Matter . | . . . . . . Parts Self-Destructed . | . . . . . . Prevented . | . . . . . . Kills | -11 -10 -10 -10 -9 -8 ------- Run | Yrd Mat Min Exi Min Mat Combat Hostiles Destroyed 14 | . . 1 . . 13 Melee 2 | . . . . . 2 Guns 9 | . . 1 . . 8 Cannons 2 | . . . . . 2 Classes Destroyed 6 | . . 1 . . 5 Recycler 1 | . . . . . 1 Operator 1 | . . . . . 1 Swarmer 5 | . . 1 . . 4 Grunt 7 | . . . . . 7 Sentry 1 | . . . . . 1 Hunter 1 | . . . . . 1 Best Kill Streak 5 | . . 1 . . 5 Combat Bots Only 5 | . . 1 . . 5 Max Kills in Single Turn 1 | . . 1 . . 1 Gunslinging . | . . . . . . Exploded . | . . . . . . Melee 1 | . . . . . 1 Uniques/NPCs Destroyed . | . . . . . . Combat | -11 -10 -10 -10 -9 -8 -------- Run | Yrd Mat Min Exi Min Mat Hostile Shots Fired 163 | . . 3 . . 160 Missed 30 | . . . . . 30 Damage Taken 1675 | . . 31 . . 1644 Core 567 | . . 8 . . 559 Absorbed by Shields . | . . . . . . Core Remaining (%) 98 | 100 . . . 96 . Volleys Fired 62 | . . 2 . . 60 Largest 2 | . . 2 . . 2 Hottest 130 | . . 40 . . 130 Shots Fired 93 | . . 4 . . 89 Gun 89 | . . 4 . . 85 Cannon . | . . . . . . Launcher . | . . . . . . Special 4 | . . . . . 4 Kinetic 68 | . . 4 . . 64 Thermal 21 | . . . . . 21 Explosive . | . . . . . . Electromagnetic 4 | . . . . . 4 Robot Hit Streak 12 | . . 1 . . 12 Robot Miss Streak 5 | . . 1 . . 5 Penetration Max . | . . . . . . Secondary Targets 2 | . . . . . 2 Max Gunslinging Chain 1 | . . . . . 1 Shots Hit Robots 70 | . . 2 . . 68 Core Hits 40 | . . 2 . . 38 Critical Kills 2 | . . . . . 2 Critical Parts Destroyed 4 | . . . . . 4 Critical Strikes 6 | . . . . . 6 Destroy 2 | . . . . . 2 Smash 4 | . . . . . 4 Melee Attacks 8 | . . . . . 8 Impact 8 | . . . . . 8 Slashing . | . . . . . . Piercing . | . . . . . . Sneak Attacks . | . . . . . . Combat Hostiles . | . . . . . . Follow-up Attacks . | . . . . . . Damage Inflicted 947 | . . 24 . . 923 Guns 597 | . . 24 . . 573 Cannons . | . . . . . . Explosions . | . . . . . . Melee 254 | . . . . . 254 Ramming . | . . . . . . Kinetic 336 | . . 24 . . 312 Thermal 280 | . . . . . 280 Explosive . | . . . . . . Electromagnetic 77 | . . . . . 77 Impact 254 | . . . . . 254 Slashing . | . . . . . . Piercing . | . . . . . . Highest Corruption . | . . . . . . Average Corruption . | . . . . . . Corruption Purged . | . . . . . . Corruption Blocked . | . . . . . . Overload Shots . | . . . . . . Overflow Damage 198 | . . . . . 198 Projectiles 15 | . . . . . 15 Explosions . | . . . . . . Melee 183 | . . . . . 183 Knockbacks 2 | . . . . . 2 Impact 2 | . . . . . 2 Kinetic . | . . . . . . Secondary . | . . . . . . Self-Inflicted Damage . | . . . . . . Shots . | . . . . . . Rammed . | . . . . . . Targets Rammed . | . . . . . . Kicked . | . . . . . . Crushed . | . . . . . . Highest Temperature 482 | . . . . . 482 Average Temperature 108 | . . . . . 108 Received Heat Transfer 702 | . . . . . 702 Effects 5 | . . . . . 5 Shutdowns 4 | . . . . . 4 Damage (minor) 1 | . . . . . 1 Siege Activations . | . . . . . . Robots Corrupted 1 | . . . . . 1 Combat Hostiles 1 | . . . . . 1 Parts Fried 2 | . . . . . 2 Impact Corruptions 4 | . . . . . 4 Robots Melted . | . . . . . . Combat Hostiles . | . . . . . . Parts Melted . | . . . . . . Heat Transferred 644 | . . . . . 644 Parts Sabotaged . | . . . . . . Parts Stolen . | . . . . . . Parts Stripped . | . . . . . . Power Chain Reactions . | . . . . . . Alert | -11 -10 -10 -10 -9 -8 ------- Run | Yrd Mat Min Exi Min Mat Peak Influence 107 | . 15 40 . . 107 Initial 5 | . . 5 . . . Average 19 | . 7 37 . . 20 Maximum Alert Level . | . . . . . . Low Security (%) 100 | 100 100 100 . 100 100 Level 1 . | . . . . . . Level 2 . | . . . . . . Level 3 . | . . . . . . Level 4 . | . . . . . . Level 5 . | . . . . . . High Security . | . . . . . . Max Security . | . . . . . . Squads Dispatched 6 | . 2 . . . 4 Investigation 2 | . 1 . . . 1 Extermination . | . . . . . . Reinforcement 2 | . 1 . . . 1 Assault 1 | . . . . . 1 Garrison 1 | . . . . . 1 Intercept . | . . . . . . Searches Triggered . | . . . . . . Construction Impeded . | . . . . . . Haulers Reinforced . | . . . . . . Active Scanning Responses . | . . . . . . Cargo Convoy Interrupts . | . . . . . . Stealth | -11 -10 -10 -10 -9 -8 --------- Run | Yrd Mat Min Exi Min Mat Distress Signals 3 | . . . . . 3 Communications Jammed . | . . . . . . Distress Signals . | . . . . . . Times Spotted 28 | . 1 3 . . 24 Peak Tracking Total 10 | . 1 3 . . 10 Tactical Retreats 3 | . . 1 . . 2 Traps | -11 -10 -10 -10 -9 -8 ------- Run | Yrd Mat Min Exi Min Mat Traps Triggered 2 | . . . . . 2 Indirectly . | . . . . . . Trap Hack Attempts . | . . . . . . Triggered . | . . . . . . Disarmed . | . . . . . . Reprogrammed . | . . . . . . Reused 1 | . . . . . 1 Traps Reconfigurated 2 | . . . . . 2 Traps Extracted . | . . . . . . Installed . | . . . . . . Triggered 1 | . . . . . 1 Machines | -11 -10 -10 -10 -9 -8 ---------- Run | Yrd Mat Min Exi Min Mat Machines Disabled . | . . . . . . Max in Single Turn . | . . . . . . Garrison Access 1 | . . . . . 1 Machines Repaired . | . . . . . . Machines Dismantled . | . . . . . . Machines Sabotaged . | . . . . . . Overloaded Fab Kills . | . . . . . . Hacking | -11 -10 -10 -10 -9 -8 --------- Run | Yrd Mat Min Exi Min Mat Machines Accessed 2 | . . . 1 . 1 Terminals 1 | . . . . . 1 Fabricators . | . . . . . . Repair Stations . | . . . . . . Recycling Units . | . . . . . . Scanalyzers . | . . . . . . Garrison Access . | . . . . . . Total Hacks 5 | . . . 1 . 4 Successful 3 | . . . 1 . 2 Failed 2 | . . . . . 2 Catastrophic . | . . . . . . Database Lockouts . | . . . . . . Manual 1 | . . . 1 . . Terminals 4 | . . . . . 4 Fabricators . | . . . . . . Repair Stations . | . . . . . . Recycling Units . | . . . . . . Scanalyzers . | . . . . . . Garrison Access . | . . . . . . Terminal Hacks 3 | . . . 1 . 2 Alert Level 1 | . . . . . 1 Transport Status 1 | . . . . . 1 Derelict Proto ID Bank 1 | . . . 1 . . Fabricator Hacks . | . . . . . . Repair Station Hacks . | . . . . . . Recycling Unit Hacks . | . . . . . . Scanalyzer . | . . . . . . Garrison Access Hacks . | . . . . . . Unauthorized Hacks . | . . . . . . Terminals . | . . . . . . Fabricators . | . . . . . . Repair Stations . | . . . . . . Recycling Units . | . . . . . . Scanalyzers . | . . . . . . Garrison Access . | . . . . . . Data Cores Recovered . | . . . . . . Used . | . . . . . . Hacking Detections 1 | . . . . . 1 Full Trace Events . | . . . . . . Feedback Events . | . . . . . . Feedback Blocked . | . . . . . . Robot Schematics Acquired . | . . . . . . Robots Built . | . . . . . . Authchips . | . . . . . . Time . | . . . . . . Total Robot Build Rating . | . . . . . . Part Schematics Acquired . | . . . . . . Parts Built . | . . . . . . Authchips . | . . . . . . Time . | . . . . . . Total Part Build Rating . | . . . . . . Parts Repaired . | . . . . . . Time . | . . . . . . Parts Recycled . | . . . . . . Recycled Matter . | . . . . . . Retrieved Matter . | . . . . . . Retrieved Components . | . . . . . . Parts Scanalyzed . | . . . . . . Part Schematics Acquired . | . . . . . . Parts Damaged . | . . . . . . Bothacking | -11 -10 -10 -10 -9 -8 ------------ Run | Yrd Mat Min Exi Min Mat Used RIF Installer . | . . . . . . Robots Hacked . | . . . . . . Non-combat . | . . . . . . Combat . | . . . . . . Robot Hacks Applied . | . . . . . . Relay Couplers Released 1 | . . . . . 1 Machine Destruction 1 | . . . . . 1 Fabnet Peak Effective % . | . . . . . . Robots Rewired . | . . . . . . Allies Hacked . | . . . . . . Hacks Repelled . | . . . . . . Allies | -11 -10 -10 -10 -9 -8 -------- Run | Yrd Mat Min Exi Min Mat Total Allies 1 | . . . . 1 . Largest Group 1 | . . . . 1 1 Highest-Rated Group 31 | . . . . 31 31 Highest-Rated Ally 31 | . . . . 31 31 Total Orders . | . . . . . . Ally Attacks 5 | . . . . . 5 Total Damage 106 | . . . . . 106 Kills 1 | . . . . . 1 Allies Corrupted . | . . . . . . Allies Melted . | . . . . . . Intel | -11 -10 -10 -10 -9 -8 ------- Run | Yrd Mat Min Exi Min Mat Robot Analysis Total . | . . . . . . Derelict Logs Recovered 1 | . . 1 . . . Drone Launches . | . . . . . . Drone Recoveries . | . . . . . . Exploration | -11 -10 -10 -10 -9 -8 ------------- Run | Yrd Mat Min Exi Min Mat Turns Passed 2493 | 41 154 73 122 105 1998 Spaces Moved 1511 | 37 189 94 314 252 625 Core 32 | 10 . . . . 22 Treads . | . . . . . . Legs 194 | . . . . . 194 Wheels 251 | 27 189 23 . . 12 Hover . | . . . . . . Flight 1034 | . . 71 314 252 397 Fastest Speed 28 | 50 80 37 37 37 28 Average Speed 56 | 71 80 47 37 37 66 Slowest Speed 250 | 80 80 80 37 37 250 Overloaded Moves . | . . . . . . Propulsion Burnouts . | . . . . . . Robots Hopped 1 | . . . . 1 . Cave-ins Triggered . | . . . . . . Exploration Rate (%) 29 | 3 25 18 50 57 24 Regions Visited 5 Branch Regions 3 Pre-discovered Areas . | . . . . . . Known Exits Taken 3 | . . 1 1 1 . Unknown Exits Taken 2 | 1 1 . . . . Scrap Searched 2 | . . . . 2 . Spaces Dug . | . . . . . . Terrain Destroyed . | . . . . . . Melee . | . . . . . . Projectile . | . . . . . . AOE . | . . . . . . Terrain Rammed . | . . . . . . Walls Destroyed . | . . . . . . Machines Disabled . | . . . . . . Actions | -11 -10 -10 -10 -9 -8 --------- Run | Yrd Mat Min Exi Min Mat Total 3060 | 51 191 118 321 262 2117 Wait 1368 | . . 16 . 11 1341 Move 1504 | 36 188 93 313 249 625 Hop 1 | . . . . 1 . Pick Up 50 | 8 3 2 4 1 32 Fast Attach . | . . . . . . Attach 33 | 6 . 1 . . 26 Detach 8 | . . 2 . . 6 Swap 6 | . . 2 . . 4 Drop 20 | 1 . . 4 . 15 Fire 62 | . . 2 . . 60 Melee 8 | . . . . . 8 Ram . | . . . . . . Kick . | . . . . . . Crush . | . . . . . . Escape Stasis . | . . . . . . Rewire . | . . . . . . Trap . | . . . . . . Miscellaneous . | . . . . . . Route ------- -11/Scrapyard -10/Materials -10/Mines -10/Exiles -9/Mines -8/Materials History --------- Turn | Location | Event 16 | -11/Scrapyard | Discovered new exit (range 15) 42 | -11/Scrapyard | Entered Materials 127 | -10/Materials | Discovered new exit (range 16) 169 | -10/Materials | Met 8R-AWN 196 | -10/Materials | Entered Mines 197 | -10/Mines | Followed 8R-AWN into the Mines 235 | -10/Mines | Learned Materials interactive machine intel 235 | -10/Mines | Joined a pair of Derelicts in attacking an 0b10 outpost 243 | -10/Mines | Assembled infested the area 266 | -10/Mines | Discovered new exit (range 5) 268 | -10/Mines | Identified exit to Exiles 269 | -10/Mines | Entered Exiles 289 | -10/Exiles | Welcomed by 8R-AWN 296 | -10/Exiles | Met EX-HEX 305 | -10/Exiles | Build established: Mutant 312 | -10/Exiles | Met EX-BIN 320 | -10/Exiles | Aligned with FarCom system 320 | -10/Exiles | Given EX-Vault access code 332 | -10/Exiles | Opened EX-Vault 335 | -10/Exiles | Found Trap Reconfigurator 344 | -10/Exiles | Warned to stay clear of 0b10 Research branches 356 | -10/Exiles | Met EX-DEC 375 | -10/Exiles | Learned about 8R-AWN's background 383 | -10/Exiles | Discovered new exit (range 15) 390 | -10/Exiles | Identified exit to Mines 391 | -10/Exiles | Left Exiles lab with Trap Reconfigurator 391 | -10/Exiles | Entered Mines 413 | -9/Mines | Met a Derelict bent on vengeance 478 | -9/Mines | Discovered new exit (range 9) 482 | -9/Mines | Received a Mining Laser from a helpful Derelict 496 | -9/Mines | Identified exit to Materials 496 | -9/Mines | Entered Materials 496 | -8/Materials | Accompanied by 1 ally 496 | -8/Materials | Evolved 4 slots: Power x1, Propulsion x2, Utility x1 497 | -8/Materials | Loaded intel: 19 interactive machine locations 791 | -8/Materials | Lost 3 parts (2n1w) 1099 | -8/Materials | Build established: Sprinter 1319 | -8/Materials | Lost 3 parts (3n) 1570 | -8/Materials | Build established: Mutant 2117 | -8/Materials | Lost 3 parts (1p1n1w) 2387 | -8/Materials | Build established: Scavenger-Mutant 2402 | -8/Materials | Core integrity fell below 50% 2404 | -8/Materials | Garrison activated, responded to threat 2470 | -8/Materials | Core integrity fell below 20% 2494 | -8/Materials | Destroyed by G-47 Trooper with Particle Gun Last Messages --------------- Flight Unit fried. Particle Gun destroyed. G-47 Trooper suffers critical hit (Smash). Destroyed Particle Gun. G-47 Trooper system corrupted by crushing effect. G-47 Trooper destroyed. Acquired 5 matter. Y-45 Defender suffers critical hit (Smash). Destroyed Hvy. Assault Rifle. Y-45 Defender system corrupted by crushing effect. Y-45 Defender destroyed. Critical hit (Burn: +37). G-47 Trooper suffers critical hit (Smash). Destroyed Lgt. Nuclear Core. G-47 Trooper system corrupted by crushing effect. G-47 Trooper knocked back. G-47 Trooper misfires. Map ----- +----------------------------------------------------+ | ?????????????????????????????????????????????""??? | | ?????????????????????????????????"""T"""?????????? | | ?????????????????????????????????????????????????? | | ?????????????????????????????????????????????????? | | ?????????????????????????????????????????????????? | | ?????????????????????????????????????????????????? | | ?????????????????????????????????????????????????? | | ?????????????????????????????????????????????????? | | ?????????????????????????????????????????????????? | | ?????????????????????????????????????????????????? | | ?????????????????????????????????????????????????? | | ????????????????????????????????????????????????"T | | ????????????????????????????????????????????????"" | | ?????????????????????????????????????????????????? | | ?????????????????????????????????????????????????? | | ?????????????????????????????????????????????????? | | ?????????????????????????????????????????????????? | | ?????????????????????????????????????????????????? | | ?????????????????????????????????????????????????? | | ???????""????????????????????????????????????????? | | ???????T"???????T????????????????????????????????? | | ???????""????????????????????????????????????????? | | ?????????????????????????????????????????????????? | | ?????????????????????????????????????????????????? | | ???????????????????????###########???????????????? | | ???????????????????????#g@ %%% #???????????????? | | ???????????????????????# """ #+##+############ | | ???????????????????????# """"" # | | ???????????????????????# """"" + w | | ???????????????????????# g""""" # w | | ???????????????????????# """ ###########/##### | | ???????????????????????# #?????????#[% | | ???????????????????????# #?????????# | | ??"""??????????????????###############?????# | | ??"R"???????o????????????????# ! * ####### | | ??"?"????????????????????????# "" + C + | | ???????????????"?"?#######???# "G ####### | | ???????????????"R"?# #???# " #?????####### | | ???????????????"""?# [#???# #???????????? | | ???????????????????# ########+################ | | ???????????????????#""" + | | ???????????????????#""" ######################### | | ???????????????????#""" #???????????????????????? | | ???????????????????# #???????????????????????? | | ???????????????????#######??????????????????????## | | ??????????????????????????????????????########### | | ??????????????????????????????????????# | | ??????????????????????????????????????# [ | | ??????????????????????????????????????# | | ??????????????????????????????????????# ####### | +----------------------------------------------------+ Best States ------------- Heat Dissipation 31 Energy Generation 23 Energy Capacity 175 Matter Stores 300 Matter Capacity 300 Sight Range 18 Terrain Scan Density 10 Evasion (%) 64 Item Schematics ----------------- None Robot Schematics ------------------ None Fabricated ------------ Nothing Alien Tech Used ----------------- None Achievements -------------- None Challenges ------------ None Game ------ Seed SuperdenseSchematicWeb Manual? 0 Play Time 00:27:32 Cumulative 16.6 hours Start 2024.10.15 @ 10:07:52 End 2024.10.19 @ 15:11:22 Sessions 5 Manual Loads 0 Difficulty Rogue Special Mode None Game No. 28 Rogue 28 Adventurer 0 Explorer 0 Win Type - Total 0 Types 0/0/0/0/0/0/0/0/0 Lore% 7 Gallery% 18 Achievement% 17 Wizard Run 0 Options --------- Layout 1 ASCII 0 Keyboard 0 Movement Arrows Keybinds 0 Fullscreen 2 Font 32/SmallcapsGlow Map View 50x35 Zoom Use 0% Tactical HUD 0 Map Filters NONE Filters NONE Steam 1 RUN: fc90531c-b1f3-4abd-8ef4-2bbb6cd62175